 Dungeon Sprint DCSS version 0.31-a0-345-g1ebeae05c6 (webtiles) character file.

Game seed: 11721220118315451619

12471720 Monkooky the Ex Machina (level 19, 210/211 HPs)
             Began as an Armataur Monk on July 22, 2023.
             Was a High Priest of Okawaru.
             Escaped with the Orb
             ... and 5 runes on July 23, 2023!
             The game lasted 00:58:34 (13164 turns).

Monkooky the Ex Machina (Armataur Monk)            Turns: 13164, Time: 00:58:35

Health: 210/211    AC: 54    Str: 31    XL:     19   Next: 72%
Magic:  48/48      EV: 14    Int: 14    God:    Okawaru [*****.]
Gold:   541        SH:  0    Dex: 15    Spells: 68/68 levels left

rFire   + . .        l - +8 great mace (protect)
rCold   + . .        (shield currently unavailable)
rNeg    + . .        v - +6 gold dragon scales
rPois   +            O - -2 hat of the Alchemist {rElec rPois rF+ rC+ rN+ Will+ rMut rCorr}
rElec   +            b - +2 cloak
rCorr   +            F - +1 pair of gloves
SInv    +            w - +2 barding of Dyafy {rC- Int+2 Dex+2 SInv}
Will    ++...        C - amulet of Eraiz {+Blink rF- Regen+ Str+6 Int+4}
Stlth   +            J - +4 ring of protection
HPRegen 1.35/turn    Q - +4 ring of protection
MPRegen 0.31/turn

%: no teleportation, resist mutation, roll
@: heroic
A: large, rugged brown scales 3, deformed body, armoured tail, roll, long
tongue, awkward tongue, dopey 1
0: Orb of Zot
}: 5/17 runes: decaying, serpentine, barnacled, silver, gossamer
a: Renounce Religion, Evoke Blink, Heroism, Finesse


You escaped.
You worshipped Okawaru.
Okawaru was extremely pleased with you.
You visited 1 branch You collected 1975 gold pieces.
You spent 1434 gold pieces at shops.

Inventory:

Hand Weapons
 l - a +8 great mace of protection (weapon)
Missiles
 a - 2 curare-tipped darts
 r - a throwing net
 x - a silver boomerang
 G - 13 javelins
 K - 4 boomerangs
 L - 8 silver javelins (quivered)
 N - 2 boomerangs of dispersal
 W - 2 datura-tipped darts
Armour
 b - a +2 cloak (worn)
 v - +6 gold dragon scales (worn)
 w - the +2 barding of Dyafy (worn) {rC- Int+2 Dex+2 SInv}
   (Okawaru gifted it to you in the Dungeon)

   Int:       It affects your intelligence (+2).
   Dex:       It affects your dexterity (+2).
   rC:        It makes you vulnerable to cold.
   SInv:      It lets you see invisible.
 F - a +1 pair of gloves (worn)
 O - the -2 hat of the Alchemist (worn) {rElec rPois rF+ rC+ rN+ Will+ rMut rCorr}
   (You bought it in a shop in the Dungeon)

   rF:        It protects you from fire.
   rC:        It protects you from cold.
   rElec:     It insulates you from electricity.
   rPois:     It protects you from poison.
   rN:        It protects you from negative energy.
   rCorr:     It protects you from acid and corrosion.
   rMut:      It protects you from mutation.
   Will:      It increases your willpower.
 P - a +1 cloak of stealth
Jewellery
 d - a ring of willpower
 n - a ring of poison resistance
 p - a +2 ring of evasion
 q - a +3 ring of dexterity
 u - a ring of willpower
 y - a +6 ring of intelligence
 B - the ring "Yloiwub" {rElec rC+ Int+3}
   (You found it in the Dungeon)

   [ring of intelligence]

   Int:       It affects your intelligence (+3).
   rC:        It protects you from cold.
   rElec:     It insulates you from electricity.
 C - the amulet of Eraiz (around neck) {+Blink rF- Regen+ Str+6 Int+4}
   (You found it in the Dungeon)

   [amulet of regeneration]

   Str:       It affects your strength (+6).
   Int:       It affects your intelligence (+4).
   rF:        It makes you vulnerable to fire.
   +Blink:    It lets you blink.
   Regen:     It increases your rate of health regeneration.
 D - a ring of ice
 E - a ring of fire
 I - the amulet "Umitus" {RegenMP Fragile Dex+6}
   (You found it in the Dungeon)

   [amulet of magic regeneration]

   It increases your rate of magic regeneration.
   Dex:       It affects your dexterity (+6).
   Fragile:   It will be destroyed if unequipped.
 J - a +4 ring of protection (left hand)
 M - the ring "Atya" {Fire Contam rElec Will+ Int+3}
   (You found it in the Dungeon)

   [ring of fire]

   It enhances your fire magic.
   Int:       It affects your intelligence (+3).
   rF:        It protects you from fire.
   rC:        It makes you vulnerable to cold.
   rElec:     It insulates you from electricity.
   Contam:    It causes magical contamination when unequipped.
   Will:      It increases your willpower.
 Q - a +4 ring of protection (right hand)
 R - an amulet of regeneration
 S - a +4 ring of protection
 V - the ring "Qel Fooz" {rPois Str+3}
   (You found it in the Dungeon)

   [ring of strength]

   Str:       It affects your strength (+3).
   rPois:     It protects you from poison.
Wands
 Z - a wand of roots (6)
Scrolls
 j - 2 scrolls of blinking
 k - 2 scrolls of amnesia
 t - 3 scrolls of fog
 H - 5 scrolls of fear
 X - a scroll of revelation
 Y - a scroll of vulnerability
Potions
 e - 6 potions of curing
 f - 8 potions of heal wounds
 h - 9 potions of magic
 i - a potion of invisibility
 m - a potion of berserk rage
 o - a potion of might
 s - 2 potions of resistance
 z - a potion of enlightenment
 A - a potion of attraction
 T - 3 potions of brilliance
 U - 3 potions of mutation


   Skills:
 - Level 23.7(27) Fighting
 - Level 22.0(27) Maces & Flails
 - Level 22.0(27) Throwing
 - Level 26.4(27) Armour
 - Level 22.1(27) Dodging
 * Level 24.3(27) Stealth
 - Level 25.2 Spellcasting
 - Level 19.2 Invocations
 O Level 27 Evocations


You had 68 spell levels left.
You didn't know any spells.
Your spell library contained the following spells:

 Spells                   Type           Power      Damage    Failure   Level
 Freeze                   Ice            68%        1d8       11%         1
 Frozen Ramparts          Ice            34%        1d6       32%         3
 Hailstorm                Conj/Ice       17%        3d6       32%         3


Dungeon Overview and Level Annotations

Branches:
Dungeon (1/1)

Altars:
Cheibriados
Dithmenos
Elyvilon
Fedhas
Gozag
Hepliaklqana
Kikubaaqudgha
Makhleb
Nemelex Xobeh
Okawaru
Qazlal
Ru
Sif Muna
Trog
Uskayaw
Vehumet
Wu Jian
Xom
Yredelemnul
Zin
The Shining One
Jiyva
Lugonu

Shops:
D [:[!


Innate Abilities, Weirdness & Mutations

You are completely covered in rugged brown scales. (AC +3, +7% HP)
Armour fits poorly on your strangely shaped body.
You have a long armoured tail.
You roll when moving toward enemies. (Rampage)
Your long tongue fully drains potion bottles. (2x potion effects)
Your tongue gives you trouble enunciating. (1.5x scroll delay)
You are dopey. (Int -2)


Message History

Things that are here:
2 poisoned darts; a +0 short sword You see here a +0 pair of boots.
Items here: ))))).
There is an open door here.
There is a glowing golden altar of the Shining One here.
There is a glowing silver altar of Zin here.
There is a basalt altar of Yredelemnul here.
There is a shimmering altar of Xom here.
There is an ornate altar of the Wu Jian Council here.
There is a radiant altar of Vehumet here.
There is a hide-covered altar of Uskayaw here.
(D) Dungeon
Where to? (Enter - D @ (x,y), ? - help)
There is a bloodstained altar of Trog here.
There is a shimmering blue altar of Sif Muna here.
There is a sacrificial altar of Ru here.
There is a stormy altar of Qazlal here.
There is an iron altar of Okawaru here.
There is a sparkling altar of Nemelex Xobeh here.
There is a burning altar of Makhleb here.
There is a corrupted altar of Lugonu here.
There is an ancient bone altar of Kikubaaqudgha here.
There is a viscous altar of Jiyva here.
There is a hazy altar of Hepliaklqana here.
There is an opulent altar of Gozag here.
There is a blossoming altar of Fedhas here.
There is a white marble altar of Elyvilon here.
There is a shadowy altar of Dithmenos here.
There is a snail-covered altar of Cheibriados here.
There is a roughly hewn altar of Beogh here.
There is an open door to the Temple here.
Your extra speed is starting to run out.
You see here a +0 mace.
There is an open door, spattered with blood here.
Items here: ))) [.
You feel yourself slow down.
There is an open door to the Dungeon here.
There is a staircase leading out of the dungeon here.
You have escaped!

▓▓▓▓▓▓▓▓▓▓▓▓▓▓▓▓▓▓
▓@...'.....))....'
▓▓▓▓▓▓▓▓▓▓▓▓▓▓▓▓▓▓
▓.................
▓.▓▓▓▓▓▓▓▓▓▓▓▓▓▓▓▓
▓.......'.....)...
▓▓▓▓▓▓▓▓▓▓▓▓▓▓▓▓▓▓
▓(................
▓(▓▓▓▓▓▓▓▓▓▓▓▓▓▓▓▓
▓..X...2..4§..)).)


There were no monsters in sight!

Vanquished Creatures
  A pandemonium lord (D)
  3 ancient liches (D)
  4 orbs of fire (D)
  Mara (D)
  Sojobo (D)
  Boris (D)
  Frederick (D)
  A Killer Klown (D)
  Saint Roka (D)
  Margery (D)
  3 curse toes (D)
  3 golden dragons (D)
  Nikola (D)
  2 bone dragons (D)
  A Brimstone Fiend (D)
  An electric golem (D)
  5 tentacled monstrosities (D)
  3 liches (D)
  33 Orb Guardians (D)
  2 Ice Fiends (D)
  A quicksilver dragon (D)
  3 titans (D)
  An acid blob (shapeshifter) (D)
  An Executioner (D)
  A sphinx (D)
  Gastronok (D)
  A draconian monk (D)
  3 tengu reavers (D)
  Aizul (D)
  8 shadow dragons (D)
  Ilsuiw (D)
  7 nagarajas (D)
  2 draconian knights (D)
  4 fire giants (D)
  5 storm dragons (D)
  3 vault wardens (D)
  2 demonspawn warmongers (D)
  3 ghost moths (D)
  3 draconian scorchers (D)
  5 emperor scorpions (D)
  Louise (D)
  4 frost giants (D)
  A draconian stormcaller (D)
  2 draconian shifters (D)
  2 balrugs (D)
  A cacodemon (D)
  2 ironbound preservers (D)
  5 reapers (D)
  3 green draconians (D)
  5 stone giants (D)
  A vampire knight (D)
  4 very ugly things (D)
  An eleionoma (D)
  2 lorocyprocas (D)
  2 red draconians (D)
  3 yellow draconians (D)
  A spark wasp (D)
  4 purple draconians (D)
  A bunyip (D)
  A dire elephant (D)
  3 white draconians (D)
  A blizzard demon (D)
  4 merfolk impalers (D)
  3 ettins (D)
  10 fire dragons (D)
  6 merfolk javelineers (D)
  An entropy weaver (D)
  2 great orbs of eyes (D)
  2 yaktaur captains (D)
  A salamander tyrant (D)
  27 vault guards (D)
  7 hydras (D)
  Harold (D)
  3 catoblepae (D)
  A rakshasa (D)
  A hell beast (D)
  A ghost crab (D)
  2 anacondas (D)
  4 ogre magi (D)
  2 ironbound frosthearts (D)
  A centaur warrior (D)
  A death knight (D)
  4 merfolk aquamancers (D)
  A satyr (D)
  2 tengu warriors (D)
  2 deep troll shamans (D)
  3 hell hogs (D)
  4 naga warriors (D)
  3 death yaks (D)
  3 demonic crawlers (D)
  An orc high priest (D)
  A spriggan (D)
  A spriggan berserker (D)
  5 sun demons (D)
  4 hell knights (D)
  A shock serpent (D)
  2 sixfirhies (D)
  A skeletal warrior (D)
  A goliath frog (D)
  A spriggan druid (D)
  2 shadow demons (D)
  2 orb spiders (D)
  2 glowing orange brains (D)
  4 swamp dragons (D)
  A sea snake (D)
  A wizard (D)
  3 deep trolls (D)
  An ironbound convoker (D)
  A lindwurm (D)
  6 orc knights (D)
  4 necromancers (D)
  A will-o-the-wisp (D)
  3 ugly things (D)
  2 orc sorcerers (D)
  A cyclops (D)
  2 manticores (D)
  A wolf spider (D)
  An elephant (D)
  2 guardian serpents (D)
  2 toenail golems (D)
  A rust devil (D)
  A smoke demon (D)
  7 moths of wrath (D)
  A merfolk siren (D)
  Joseph (D)
  7 vault sentinels (D)
  A black mamba (D)
  A naga mage (D)
  3 cane toads (D)
  An orange demon (D)
  2 hellions (D)
  A tormentor (D)
  10 trolls (D)
  A yaktaur (D)
  A red devil (D)
  2 merfolk (D)
  2 polar bears (D)
  A hornet (D)
  2 tarantellas (D)
  A blink frog (D)
  A culicivora (D)
  A spriggan (shapeshifter) (D)
  2 jumping spiders (D)
  A wraith (D)
  3 ynoxinuls (D)
  3 yaks (D)
  2 wyverns (D)
  4 redbacks (D)
  A vampire mosquito (D)
  3 nagas (D)
  6 water moccasins (D)
  2 acid dragons (D)
  4 swamp drakes (D)
  14 orc warriors (D)
  A black bear (D)
  2 wolves (D)
  A centaur (D)
  A kobold brigand (D)
  A gnoll sergeant (D)
  A howler monkey (D)
  2 orc priests (D)
  A gnoll bouda (D)
  2 orc wizards (D)
  11 orcs (D)
  2 ball pythons (D)
  An endoplasm (D)
  A hobgoblin (D)
  A bat simulacrum (D)
  A rat (D)
460 creatures vanquished.

Vanquished Creatures (others)
  2 foxfires (D)
2 creatures vanquished.

Grand Total: 462 creatures vanquished

Notes
Turn   | Place    | Note
-------+----------+-------------------------------------------
     0 | D        | Monkooky the Armataur Monk began the quest for the Orb.
     0 | D        | Reached XP level 1. HP: 19/19 MP: 1/1
    15 | D        | Noticed a black bear
    23 | D        | Reached XP level 2. HP: 17/26 MP: 2/2
    26 | D        | Killed a black bear
    27 | D        | Reached XP level 3. HP: 11/32 MP: 3/3
    27 | D        | Reached XP level 4. HP: 14/39 MP: 4/4
    35 | D        | Found a snail-covered altar of Cheibriados.
    35 | D        | Found a shadowy altar of Dithmenos.
    35 | D        | Found a white marble altar of Elyvilon.
    35 | D        | Found a blossoming altar of Fedhas.
    35 | D        | Found an opulent altar of Gozag.
    36 | D        | Found a hazy altar of Hepliaklqana.
    37 | D        | Found a viscous altar of Jiyva.
    38 | D        | Found an ancient bone altar of Kikubaaqudgha.
    39 | D        | Found a corrupted altar of Lugonu.
    40 | D        | Found a burning altar of Makhleb.
    41 | D        | Found a sparkling altar of Nemelex Xobeh.
    42 | D        | Found an iron altar of Okawaru.
    43 | D        | Found a stormy altar of Qazlal.
    44 | D        | Found a sacrificial altar of Ru.
    45 | D        | Found a shimmering blue altar of Sif Muna.
    46 | D        | Found a bloodstained altar of Trog.
    47 | D        | Found a hide-covered altar of Uskayaw.
    48 | D        | Found a radiant altar of Vehumet.
    49 | D        | Found an ornate altar of the Wu Jian Council.
    50 | D        | Found a shimmering altar of Xom.
    51 | D        | Found a basalt altar of Yredelemnul.
    52 | D        | Found a glowing silver altar of Zin.
    53 | D        | Found a glowing golden altar of the Shining One.
   106 | D        | Became a worshipper of Warmaster Okawaru
   106 | D        | Reached * piety under Okawaru
   106 | D        | Reached ** piety under Okawaru
   171 | D        | Noticed a troll
   171 | D        | Noticed a vampire mosquito
   171 | D        | Noticed a kobold brigand
   171 | D        | Noticed a centaur
   175 | D        | Killed a centaur
   176 | D        | Reached XP level 5. HP: 2/44 MP: 2/5
   180 | D        | Killed a vampire mosquito
   181 | D        | Reached XP level 6. HP: 24/53 MP: 2/6
   183 | D        | Killed a troll
   183 | D        | Reached *** piety under Okawaru
   184 | D        | Reached XP level 7. HP: 11/68 MP: 3/7
   372 | D        | Noticed a tengu warrior
   372 | D        | Noticed a troll
   372 | D        | Noticed a troll
   372 | D        | Noticed a wraith
   383 | D        | Killed a tengu warrior
   383 | D        | Reached **** piety under Okawaru
   383 | D        | Killed a troll
   383 | D        | Reached ***** piety under Okawaru
   384 | D        | Reached skill level 10 in Fighting
   384 | D        | Reached XP level 8. HP: 28/85 MP: 5/8
   385 | D        | Killed a troll
   592 | D        | Noticed Harold
   613 | D        | Killed Harold
   614 | D        | Reached XP level 9. HP: 59/95 MP: 8/14
   842 | D        | Noticed an elephant
   842 | D        | Noticed a cane toad
   842 | D        | Noticed a polar bear
   853 | D        | Killed an elephant
   853 | D        | Received a gift from Okawaru
   862 | D        | Killed a cane toad
   872 | D        | Killed a polar bear
   872 | D        | Identified the +2 barding of Dyafy {rC- Int+2 Dex+2 SInv}
                  | (Okawaru gifted it to you in the Dungeon)
   872 | D        | Received a gift from Okawaru
   873 | D        | Reached skill level 10 in Armour
   884 | D        | Reached XP level 10. HP: 43/103 MP: 10/17
  1054 | D        | Noticed a cane toad
  1054 | D        | Noticed a cane toad
  1064 | D        | Killed a cane toad
  1073 | D        | Killed a cane toad
  1110 | D        | Noticed a death yak
  1110 | D        | Noticed a catoblepas
  1110 | D        | Noticed a catoblepas
  1110 | D        | Noticed a catoblepas
  1110 | D        | Noticed a death yak
  1119 | D        | Killed a death yak
  1120 | D        | Noticed a death yak
  1137 | D        | Killed a catoblepas
  1158 | D        | HP: 3/108 [catoblepas (5)]
  1181 | D        | Killed a catoblepas
  1182 | D        | Reached skill level 15 in Maces & Flails
  1188 | D        | Killed a catoblepas
  1189 | D        | Reached skill level 5 in Dodging
  1189 | D        | Reached XP level 11. HP: 42/114 MP: 12/18
  1195 | D        | Killed a death yak
  1201 | D        | Killed a death yak
  1201 | D        | Identified the +0 barding "Eveotar" {Will+} (Okawaru gifted
                  | it to you in the Dungeon)
  1201 | D        | Received a gift from Okawaru
  1521 | D        | Noticed an orc high priest
  1521 | D        | Noticed an orc knight
  1528 | D        | Killed an orc high priest
  1529 | D        | Noticed an orc sorcerer
  1540 | D        | Killed an orc knight
  1551 | D        | Killed an orc sorcerer
  1554 | D        | Reached skill level 1 in Throwing
  1575 | D        | Noticed an orc knight
  1575 | D        | Noticed an orc knight
  1576 | D        | Noticed an orc knight
  1593 | D        | Killed an orc knight
  1599 | D        | Killed an orc knight
  1600 | D        | Reached skill level 5 in Throwing
  1611 | D        | Killed an orc knight
  2001 | D        | Found Gas Boud's Armour Emporium.
  2001 | D        | Noticed a deep troll
  2001 | D        | Noticed a deep troll
  2001 | D        | Noticed an ogre mage
  2002 | D        | Noticed an ogre mage
  2009 | D        | Killed a deep troll
  2014 | D        | Killed a deep troll
  2014 | D        | Received a gift from Okawaru
  2015 | D        | Found Gyxuegauc's Book Shoppe.
  2023 | D        | Killed an ogre mage
  2024 | D        | Reached skill level 10 in Throwing
  2024 | D        | Found Gaigg's Antique Armour Emporium.
  2030 | D        | Killed an ogre mage
  2031 | D        | Reached XP level 12. HP: 69/126 MP: 12/19
  2043 | D        | Found Sulec's Distillery.
  2046 | D        | Noticed an ogre mage
  2058 | D        | Killed an ogre mage
  2235 | D        | Bought a potion of enlightenment for 50 gold pieces
  2235 | D        | Bought a potion of heal wounds for 50 gold pieces
  2235 | D        | Bought a potion of attraction for 30 gold pieces
  2304 | D        | Bought a shiny plate armour for 832 gold pieces
  2371 | D        | Noticed Joseph
  2433 | D        | Killed Joseph
  2690 | D        | Noticed a tengu warrior
  2690 | D        | Noticed an ogre mage
  2690 | D        | Noticed a death knight
  2698 | D        | Noticed a centaur warrior
  2707 | D        | Killed a tengu warrior
  2711 | D        | Killed an ogre mage
  2725 | D        | Killed a death knight
  2726 | D        | Reached skill level 15 in Throwing
  2741 | D        | Killed a centaur warrior
  2756 | D        | Noticed a purple very ugly thing
  2757 | D        | Noticed a stone giant
  2757 | D        | Noticed a rakshasa
  2768 | D        | Killed a purple very ugly thing
  2769 | D        | Noticed a frost giant
  2780 | D        | Killed a stone giant
  2780 | D        | Identified the +6 longbow of Okawaru's Castigation {drain,
                  | rElec rF- MP+9 Stlth+} (Okawaru gifted it to you in the
                  | Dungeon)
  2780 | D        | Received a gift from Okawaru
  2787 | D        | Killed a rakshasa
  2798 | D        | Killed a frost giant
  3229 | D        | Noticed a merfolk javelineer
  3229 | D        | Noticed a merfolk aquamancer
  3239 | D        | Reached XP level 13. HP: 133/133 MP: 13/20
  3254 | D        | Noticed a merfolk javelineer
  3271 | D        | Killed a merfolk javelineer
  3275 | D        | Received a gift from Okawaru
  3297 | D        | Killed a merfolk javelineer
  3839 | D        | Reached skill level 10 in Invocations
  3849 | D        | Received a gift from Okawaru
  3886 | D        | Noticed an eleionoma
  3891 | D        | Killed an eleionoma
  3892 | D        | Noticed a bunyip
  3896 | D        | Received a gift from Okawaru
  3900 | D        | Reached skill level 15 in Fighting
  3915 | D        | Killed a bunyip
  3915 | D        | Identified the +5 demon blade of Domination {flame, Dex+6
                  | Stlth+} (Okawaru gifted it to you in the Dungeon)
  3915 | D        | Received a gift from Okawaru
  4228 | D        | Noticed a nagaraja
  4228 | D        | Noticed a nagaraja
  4232 | D        | Killed a nagaraja
  4246 | D        | Killed a nagaraja
  4266 | D        | Received a gift from Okawaru
  4480 | D        | Noticed Gastronok
  4551 | D        | Killed Gastronok
  4617 | D        | Noticed Aizul
  4642 | D        | Killed Aizul
  4977 | D        | Noticed a stone giant
  4977 | D        | Noticed an ettin
  4977 | D        | Noticed an ettin
  4977 | D        | Noticed a green very ugly thing
  4980 | D        | Noticed a fire dragon
  4982 | D        | Reached XP level 14. HP: 147/147 MP: 15/23
  4983 | D        | Killed a stone giant
  4991 | D        | Noticed a frost giant
  4999 | D        | Killed a green very ugly thing
  5025 | D        | Killed a frost giant
  5025 | D        | Received a gift from Okawaru
  5033 | D        | Noticed a cyan very ugly thing
  5038 | D        | Noticed a stone giant
  5048 | D        | Noticed a fire giant
  5053 | D        | Killed a cyan very ugly thing
  5055 | D        | Killed a stone giant
  5061 | D        | Killed a fire giant
  5072 | D        | Noticed a frost giant
  5079 | D        | Killed a frost giant
  5079 | D        | Received a gift from Okawaru
  5080 | D        | Reached skill level 15 in Armour
  5655 | D        | Bought the -2 hat of the Alchemist {rElec rPois rF+ rC+ rN+
                  | Will+ rMut rCorr} for 472 gold pieces
  5655 | D        | Found the -2 hat of the Alchemist {rElec rPois rF+ rC+ rN+
                  | Will+ rMut rCorr}
  6058 | D        | Noticed an ironbound preserver
  6067 | D        | Killed an ironbound preserver
  6088 | D        | Identified the -2 barding of the Onion {Dex+2 Stlth+}
                  | (Okawaru gifted it to you in the Dungeon)
  6088 | D        | Received a gift from Okawaru
  6102 | D        | Noticed an ironbound preserver
  6127 | D        | Killed an ironbound preserver
  6135 | D        | Noticed a sphinx
  6142 | D        | Noticed a vault warden
  6161 | D        | Killed a sphinx
  6166 | D        | Killed a vault warden
  6167 | D        | Reached skill level 10 in Dodging
  6311 | D        | Noticed a tengu reaver
  6312 | D        | Noticed Nikola
  6312 | D        | Noticed Sojobo
  6314 | D        | Noticed a tengu reaver
  6318 | D        | Killed a tengu reaver
  6331 | D        | Killed Sojobo
  6332 | D        | Killed a tengu reaver
  6332 | D        | Identified the +3 barding of Deenaol {rC+++ MP+9 Str-5
                  | SInv} (Okawaru gifted it to you in the Dungeon)
  6332 | D        | Received a gift from Okawaru
  6333 | D        | Reached XP level 15. HP: 83/159 MP: 17/24
  6335 | D        | Killed Nikola
  7028 | D        | Got a decaying rune of Zot
  7048 | D        | Noticed Ilsuiw
  7068 | D        | Killed Ilsuiw
  7105 | D        | Got a barnacled rune of Zot
  7149 | D        | Noticed a nagaraja
  7149 | D        | Noticed a nagaraja
  7149 | D        | Noticed a nagaraja
  7150 | D        | Noticed a nagaraja
  7152 | D        | Killed a nagaraja
  7154 | D        | Killed a nagaraja
  7155 | D        | Killed a nagaraja
  7157 | D        | Noticed a nagaraja
  7162 | D        | Killed a nagaraja
  7163 | D        | Reached skill level 15 in Dodging
  7172 | D        | Killed a nagaraja
  7183 | D        | Got a serpentine rune of Zot
  7217 | D        | Noticed an emperor scorpion
  7217 | D        | Noticed an emperor scorpion
  7217 | D        | Noticed an emperor scorpion
  7222 | D        | Killed an emperor scorpion
  7236 | D        | Killed an emperor scorpion
  7236 | D        | Received a gift from Okawaru
  7245 | D        | Killed an emperor scorpion
  7253 | D        | Noticed an emperor scorpion
  7257 | D        | Noticed an emperor scorpion
  7270 | D        | Killed an emperor scorpion
  7276 | D        | Killed an emperor scorpion
  7276 | D        | Received a gift from Okawaru
  7284 | D        | Received a gift from Okawaru
  7297 | D        | Got a gossamer rune of Zot
  7456 | D        | Noticed Louise
  7472 | D        | Killed Louise
  7619 | D        | Reached XP level 16. HP: 129/176 MP: 14/25
  7628 | D        | Received a gift from Okawaru
  7689 | D        | Received a gift from Okawaru
  7722 | D        | Received a gift from Okawaru
  7759 | D        | Noticed a tengu reaver
  7759 | D        | Noticed a titan
  7776 | D        | Killed a tengu reaver
  7784 | D        | Received a gift from Okawaru
  7789 | D        | Killed a titan
  7792 | D        | Noticed a shadow dragon
  7794 | D        | Reached ****** piety under Okawaru
  7795 | D        | Identified the staff "Kaocuthu" {rN+ Str+3 Dex+4 Necro}
  7796 | D        | Noticed a shadow dragon
  7798 | D        | Identified the +0 chain mail of Mezcal {Harm rElec rC-
                  | Str+5} (Okawaru gifted it to you in the Dungeon)
  7798 | D        | Received a gift from Okawaru
  7800 | D        | Noticed a titan
  7803 | D        | Killed a shadow dragon
  7803 | D        | Killed a titan
  7803 | D        | Noticed a titan
  7813 | D        | Killed a shadow dragon
  7814 | D        | a stone giant changed into a quicksilver dragon
  7814 | D        | Noticed a quicksilver dragon (glowing shapeshifter)
  7817 | D        | a quicksilver dragon changed into an acid blob
  7817 | D        | Noticed an acid blob (glowing shapeshifter)
  7823 | D        | Killed an acid blob
  7838 | D        | Killed a titan
  7959 | D        | Noticed a shadow dragon
  7959 | D        | Noticed a golden dragon
  7959 | D        | Noticed a shadow dragon
  7963 | D        | Noticed a shadow dragon
  7964 | D        | Killed a golden dragon
  7969 | D        | Noticed a shadow dragon
  7973 | D        | Killed a shadow dragon
  7973 | D        | Killed a shadow dragon
  7974 | D        | Noticed a lich
  7979 | D        | Killed a shadow dragon
  7986 | D        | Killed a shadow dragon
  7989 | D        | Killed a lich
  7991 | D        | Got a silver rune of Zot
  9538 | D        | Noticed Margery
  9553 | D        | Killed Margery
  9623 | D        | Noticed Mara
  9634 | D        | Noticed Monkooky's illusion
  9635 | D        | Killed Mara
  9640 | D        | Noticed Frederick
  9701 | D        | Killed Frederick
  9701 | D        | Received a gift from Okawaru
  9702 | D        | Reached XP level 17. HP: 159/193 MP: 26/26
  9858 | D        | Noticed Boris
  9877 | D        | Killed Boris
  9901 | D        | Got the ring "Yloiwub" {rElec rC+ Int+3}
  9903 | D        | Got the ring "Atya" {Fire Contam rElec Will+ Int+3}
 10038 | D        | Got the amulet of Eraiz {+Blink rF- Regen+ Str+6 Int+4}
 10040 | D        | Got the amulet "Umitus" {RegenMP Fragile Dex+6}
 10042 | D        | Got the ring "Qel Fooz" {rPois Str+3}
 10138 | D        | Noticed Saint Roka
 10143 | D        | Reached skill level 1 in Evocations
 10158 | D        | Killed Saint Roka
 10158 | D        | Received a gift from Okawaru
 10159 | D        | Reached skill level 4 in Evocations
 10278 | D        | Reached skill level 5 in Evocations
 10278 | D        | Noticed a lich
 10285 | D        | Reached skill level 6 in Evocations
 10300 | D        | Killed a lich
 10301 | D        | Reached skill level 7 in Evocations
 10303 | D        | Received a gift from Okawaru
 10304 | D        | Reached skill level 8 in Evocations
 10316 | D        | Reached skill level 9 in Evocations
 10320 | D        | Noticed a bone dragon
 10322 | D        | Noticed a bone dragon
 10338 | D        | Killed a bone dragon
 10339 | D        | Reached skill level 10 in Evocations
 10348 | D        | Killed a bone dragon
 10349 | D        | Reached skill level 11 in Evocations
 10360 | D        | Reached skill level 12 in Evocations
 10391 | D        | Noticed a tentacled monstrosity
 10391 | D        | Noticed a golden dragon
 10398 | D        | Killed a tentacled monstrosity
 10405 | D        | Killed a golden dragon
 10406 | D        | Reached skill level 15 in Invocations
 10467 | D        | Noticed a curse toe
 10467 | D        | Noticed a tentacled monstrosity
 10470 | D        | Killed a curse toe
 10474 | D        | Killed a tentacled monstrosity
 10474 | D        | Received a gift from Okawaru
 10492 | D        | Reached skill level 13 in Evocations
 10499 | D        | Reached skill level 14 in Evocations
 10536 | D        | Noticed a tentacled monstrosity
 10536 | D        | Noticed a tentacled monstrosity
 10542 | D        | Reached skill level 15 in Evocations
 10542 | D        | Noticed a tentacled monstrosity
 10546 | D        | Killed a tentacled monstrosity
 10547 | D        | Reached skill level 16 in Evocations
 10552 | D        | Reached skill level 17 in Evocations
 10555 | D        | Killed a tentacled monstrosity
 10556 | D        | Killed a tentacled monstrosity
 10557 | D        | Reached skill level 18 in Evocations
 10694 | D        | Noticed a curse toe
 10701 | D        | Killed a curse toe
 10701 | D        | Identified the scarf "Lasuub" {repulsion, rC+ Dex+4}
                  | (Okawaru gifted it to you in the Dungeon)
 10701 | D        | Received a gift from Okawaru
 10702 | D        | Reached skill level 20 in Evocations
 10720 | D        | Reached skill level 21 in Evocations
 10720 | D        | Reached XP level 18. HP: 200/203 MP: 25/31
 10815 | D        | Noticed an Orb Guardian
 10815 | D        | Noticed an Orb Guardian
 10815 | D        | Noticed an Orb Guardian
 10815 | D        | Noticed an Orb Guardian
 10815 | D        | Noticed an Orb Guardian
 10815 | D        | Noticed an Orb Guardian
 10816 | D        | Killed an Orb Guardian
 10819 | D        | Noticed an Orb Guardian
 10820 | D        | Killed an Orb Guardian
 10820 | D        | Noticed an Orb Guardian
 10821 | D        | Reached skill level 22 in Evocations
 10823 | D        | Killed an Orb Guardian
 10823 | D        | Killed an Orb Guardian
 10824 | D        | Reached skill level 23 in Evocations
 10824 | D        | Noticed an Orb Guardian
 10827 | D        | Killed an Orb Guardian
 10828 | D        | Killed an Orb Guardian
 10831 | D        | Killed an Orb Guardian
 10832 | D        | Reached skill level 24 in Evocations
 10832 | D        | Noticed an Orb Guardian
 10833 | D        | Killed an Orb Guardian
 10836 | D        | Killed an Orb Guardian
 10843 | D        | Killed an Orb Guardian
 10844 | D        | Reached skill level 25 in Evocations
 10852 | D        | Noticed an Orb Guardian
 10852 | D        | Noticed an Orb Guardian
 10855 | D        | Noticed an Orb Guardian
 10855 | D        | Noticed an Orb Guardian
 10857 | D        | Killed an Orb Guardian
 10859 | D        | Killed an Orb Guardian
 10860 | D        | Reached skill level 26 in Evocations
 10860 | D        | Killed an Orb Guardian
 10863 | D        | Killed an Orb Guardian
 10909 | D        | Noticed an ancient lich
 10920 | D        | Killed an ancient lich
 10921 | D        | Reached skill level 27 in Evocations
 10923 | D        | Noticed an orb of fire
 10923 | D        | Gained mutation: You are dopey. (Int -2) [an orb of fire]
 10931 | D        | Killed an orb of fire
 10934 | D        | Noticed an electric golem
 10942 | D        | Killed an electric golem
 10945 | D        | Noticed an orb of fire
 10945 | D        | Noticed an ancient lich
 10945 | D        | Noticed an orb of fire
 10945 | D        | Noticed an ancient lich
 10947 | D        | Killed an orb of fire
 10947 | D        | Identified the +0 crystal plate armour of the Impish God
                  | {rC+ Int+3 Dex+3 Stlth-} (Okawaru gifted it to you in the
                  | Dungeon)
 10947 | D        | Received a gift from Okawaru
 10947 | D        | Killed an ancient lich
 10947 | D        | Noticed an orb of fire
 10948 | D        | Killed an orb of fire
 10949 | D        | Noticed an Orb Guardian
 10957 | D        | Killed an ancient lich
 10958 | D        | Reached skill level 15 in Spellcasting
 10959 | D        | Killed an orb of fire
 10960 | D        | Killed an Orb Guardian
 10965 | D        | Noticed a curse toe
 10972 | D        | Killed a curse toe
 10996 | D        | Noticed a golden dragon
 10997 | D        | Noticed a Killer Klown
 11000 | D        | Killed a golden dragon
 11000 | D        | Killed a Killer Klown
 11001 | D        | Noticed an Orb Guardian
 11003 | D        | Identified the +10 plate armour "Seshrur" {Rampage *Corrode
                  | rPois} (Okawaru gifted it to you in the Dungeon)
 11003 | D        | Received a gift from Okawaru
 11006 | D        | Killed an Orb Guardian
 11085 | D        | Noticed an Orb Guardian
 11085 | D        | Noticed an Orb Guardian
 11085 | D        | Noticed an Orb Guardian
 11085 | D        | Noticed an Orb Guardian
 11085 | D        | Noticed an Orb Guardian
 11085 | D        | Noticed an Orb Guardian
 11089 | D        | Killed an Orb Guardian
 11090 | D        | Killed an Orb Guardian
 11093 | D        | Noticed an Orb Guardian
 11094 | D        | Killed an Orb Guardian
 11095 | D        | Reached XP level 19. HP: 189/211 MP: 35/43
 11469 | D        | Got the Orb of Zot
 11660 | D        | Noticed Loomuirph the pandemonium lord
 12066 | D        | Noticed Poprot the pandemonium lord
 12081 | D        | Killed Poprot the pandemonium lord
 12232 | D        | Received a gift from Okawaru
 12372 | D        | Reached skill level 15 in Stealth
 12448 | D        | Received a gift from Okawaru
 12584 | D        | Received a gift from Okawaru
 12986 | D        | Noticed a Brimstone Fiend
 12994 | D        | Killed a Brimstone Fiend
 13164 | D        | Escaped with the Orb!

Illustrated notes

Levels and vault maps discovered:
D:        linesprint [early_d, line_temple, items_1, d_10, items_2, lair_1,
          lair_end, items_3, orc_1, orc_end, items_4, d_15, swamp_1, shoals_1,
          snake_1, spider_1, d_20, vaults_1, items_5, swamp_end, shoals_end,
          snake_end, spider_end, vaults_end, d_27, items_6, zot_1, zot_end,
          crypt_end, forest_end, elf_end, slime_end, tomb_end, abyss_end,
          pan_hell_end]

Skill      XL: |  1  2  3  4  5  6  7  8  9 10 11 12 13 14 15 16 17 18 19 |
---------------+----------------------------------------------------------+-----
Maces & Flails | 4 8 11 13 15 16 20 22 | 22.0
Fighting       | 6 10 11 13 14 16 18 20 23 | 23.7
Armour         | 3 8 9 10 13 14 17 22 26 | 26.4
Invocations    | 7 9 12 19 | 19.2
Dodging        | 3 5 6 11 17 21 22 | 22.1
Throwing       | 11 18 21 22 | 22.0
Stealth        | 3 24 | 24.3
Evocations     | 21 27 | 27.0
Spellcasting   | 20 25 | 25.2

Action                     |  1- 3 |  4- 6 |  7- 9 | 10-12 | 13-15 | 16-18 | 19-21 || total
---------------------------+-------+-------+-------+-------+-------+-------+-------++-------
  Melee: Mace              |    16 |     3 |       |       |       |       |       ||    19
         Morningstar       |       |     2 |    57 |   270 |       |       |       ||   329
         Tailslap          |       |       |    14 |   101 |   134 |   129 |    44 ||   422
         Dire flail        |       |       |       |   107 |   184 |       |       ||   291
         Great mace        |       |       |       |       |   437 |   570 |   230 ||  1237
  Throw: Boomerang         |       |       |       |       |    18 |    18 |     9 ||    45
         Javelin           |       |       |       |       |    25 |    46 |    14 ||    85
 Invoke: Heroism           |       |     1 |     2 |     8 |     7 |    10 |     9 ||    37
         Finesse           |       |       |     1 |     8 |     8 |     7 |     4 ||    28
Ability: Evoke Blink       |       |       |       |       |       |       |     1 ||     1
  Evoke: Wand              |       |     4 |     3 |     3 |       |       |     2 ||    12
    Use: Potion            |     1 |     1 |     1 |     3 |     3 |     1 |    14 ||    24
         Scroll            |       |     1 |       |     1 |     7 |     7 |     4 ||    20
 Armour: Robe              |     6 |       |       |       |       |       |       ||     6
         Scale mail        |       |     3 |     5 |       |       |       |       ||     8
         Chain mail        |       |       |    14 |    66 |       |       |       ||    80
         Plate armour      |       |       |       |    25 |   106 |       |       ||   131
         Gold dragon scale |       |       |       |       |   206 |   221 |   106 ||   533
  Dodge: Dodged            |     2 |     5 |    27 |    56 |   128 |   111 |    60 ||   389

Table legend: (Time is in decaauts) A = Elapsed time spent in this place. B = Non-inter-level travel time spent in this place. C = Inter-level travel time spent in this place. D = Time resting spent in this place. E = Time spent auto-exploring this place. F = Levels seen in this place. G = Mean time per level. A B C D E F G +--------+--------+--------+--------+--------+-----+--------+ Total | 12003 | 8848 | 3155 | 2610 | 2021 | 1 | 12003.0 | Dungeon | 12003 | 8848 | 3155 | 2610 | 2021 | 1 | 12003.0 | +--------+--------+--------+--------+--------+-----+--------+

Top non-repeatable levels by time:
       D: 12003 daAuts
